AoeStats
← Fia Sare

Arabia

510117758Analyzed
1v1 RM · 3d ago on Sep 29, 2026· 34m 2s· 2 players
Game mode
Random Map
Map size
Tiny (2 player)
Population
200
Speed
Normal
Resources
Standard
Victory
Conquest
Starting age
Dark Age
Ending age
Imperial Age
RankedLock teamsTeams togetherTeam positionsShared explorationLock speedFull tech treeHidden civsTurbo modeCheats
Victory
Defeat
🇪🇸 Malians · Spain
1191
+17
🇦🇷 Portuguese · Argentina
1208
-17
AkilLeX
6:11 Loom
9:24 Feudal Age
10:07 Double-Bit Axe
15:54 Forging
17:29 Bloodlines
19:49 Scale Barding Armor
24:12 Castle Age
25:28 Chain Barding Armor
26:39 Iron Casting
29:31 Wheelbarrow
31:14 Husbandry
31:56 Horse Collar
Fia Sare
7:13 Loom
9:39 Feudal Age
10:39 Double-Bit Axe
17:07 Fletching
25:29 Castle Age
23:36 Horse Collar
24:05 Gold Mining
26:05 Bodkin Arrow
25:53 Crossbowman
27:55 Ballistics
30:14 Padded Archer Armor
Connection lost

Rejoining the realm…

Still unreachable

The connection could not be restored.

Session expired

The server has moved on; the page needs a fresh start.